 Dungeon Crawl Stone Soup version 0.21-a0-522-ga8338f0 (webtiles) character file.

116 mortelune the Conjurer (level 4, -2/24 HPs)
             Began as a Deep Elf Conjurer on Dec 5, 2017.
             Killed from afar by Sigmund (7 damage)
             ... with a magic dart
             ... on level 3 of the Dungeon on Dec 6, 2017.
             The game lasted 00:12:10 (2969 turns).

mortelune the Conjurer (Deep Elf Conjurer)          Turns: 2969, Time: 00:12:11

Health: -2/24      AC:  3    Str:  4 (5)  XL:     4   Next: 69%
Magic:  12/12      EV: 14    Int: 20 (21) God:
Gold:   83         SH:  0    Dex: 13 (15) Spells: 6/12 levels left

rFire    . . .     SeeInvis .   g - -3 spear (curse)
rCold    . . .     Gourm    .   (no shield)
rNeg     . . .     Faith    .   a - +0 robe
rPois    .         Spirit   .   (no helmet)
rElec    .         Reflect  .   (no cloak)
rCorr    .         Harm     .   (no gloves)
MR       .....                  u - +0 pair of boots
Stlth    ++........             (no amulet)
HPRegen  0.08/turn              (no ring)
MPRegen  0.13/turn              (no ring)

@: no status effects
A: no striking features
a: no special abilities


You were on level 3 of the Dungeon.
You were not hungry.

You visited 1 branch of the dungeon, and saw 3 of its levels.

You collected 83 gold pieces.

Inventory:

Hand Weapons
 g - a cursed -3 spear (weapon)
 h - a +0 hunting sling
 m - a cursed -2 dagger
Armour
 a - a +0 robe (worn)
 u - a +0 pair of boots (worn)
Jewellery
 e - a +3 ring of intelligence {unknown}
Wands
 o - a wand of paralysis (8)
Scrolls
 f - a scroll of fear {unknown}
 i - a scroll of enchant armour {unknown}
 p - 2 scrolls of remove curse {unknown}
 q - 3 scrolls of amnesia
 r - a scroll of fog {unknown}
 s - a scroll of magic mapping
 t - a scroll of teleportation {unknown}
 v - a scroll of identify
Potions
 j - a potion of curing {unknown}
 k - 2 potions of lignification
 l - 2 potions of flight
 x - a potion of resistance {unknown}
Books
 b - a book of Conjurations

   Spells                             Type                      Level
   a - Magic Dart                     Conjuration                  1
   b - Searing Ray                    Conjuration                  2
   c - Dazzling Spray                 Conjuration/Hexes            3
   d - Fulminant Prism                Conjuration/Hexes            4
   e - Force Lance                    Conjuration/Translocation    4
   f - Iskenderun's Mystic Blast      Conjuration                  4
Comestibles
 c - 5 bread rations
 n - 3 royal jellies
 w - 7 chunks of flesh


   Skills:
 + Level 4.0 Dodging
 - Level 2.4 Stealth
 + Level 4.5 Spellcasting
 + Level 5.3 Conjurations


You had 6 spell levels left.
You knew the following spells:

 Your Spells              Type           Power        Failure   Level  Hunger
a - Magic Dart            Conj           ####         1%          1    None
b - Searing Ray           Conj           ####..       1%          2    #......
c - Dazzling Spray        Conj/Hex       ###...       12%         3    ##.....


Dungeon Overview and Level Annotations

Branches:
Dungeon (3/15)

Altars:
Uskayaw

Annotations:
D:3 Sigmund


Message History

Sigmund points at you and mumbles some strange words.
You are confused.
Sigmund points at you and mumbles some strange words.
You resist with some effort.
You bump into the rock wall.
Sigmund laughs darkly.
Sigmund hits you with a scythe!
* * * LOW HITPOINT WARNING * * *
You're too confused!
It was a potion of degeneration.
There was something very wrong with that liquid.
You feel weakened.
You feel dopey.
You feel clumsy.
You feel less confused.
As you read the scroll labeled VIDATEURYI, it crumbles to dust.
You feel aware of your surroundings.
It was a scroll of magic mapping.
Sigmund hits you but does no damage. Sigmund closely misses you.
Sigmund points at you and mumbles some strange words.
The magic dart hits you!
You die...

#######.....#.#.......##.#.#.#,,.
..............#.#.#.#.##.#.#.#,.$
............#.#.#.#.#.##.#.#.#...
......#####.#.#.#.#.#.##.#.#.#...
..........................†.....>
......##....#.#.#.#.#.##.#.#.###+
.......#....#.#.#.#.#.##.#.......
#####..#....#.#.#.#.#.##.###.###.
................@...@............
######.#..#.#...#.#.#.####...###.
.....#.#......#.#.#.#.# ##..# *,
..............#.#.#.#.# #..# *.
##.#............#.#.#.# #..###.
)....#.#..#####.#.#.#.#####..#...
####.#.......,..............(#.#.
...#.#.....##*#...#.#.######.#...
............#.,,....#............


You could see Sigmund.

Vanquished Creatures
  A bullfrog skeleton (D:3)
  3 adders (D:2)
  An ooze (D:1)
  2 worms (D:2)
  2 dart slugs
  A leopard gecko (D:1)
  An orc (D:3)
  A giant cockroach (D:1)
  7 goblins
  3 hobgoblins
  6 bats
  7 frilled lizards
  3 kobolds
  9 rats
47 creatures vanquished.

Notes
Turn   | Place    | Note
-------+----------+-------------------------------------------
     0 | D:1      | mortelune the Deep Elf Conjurer began the quest for the Orb.
     0 | D:1      | Reached XP level 1. HP: 10/10 MP: 6/6
   553 | D:1      | Reached XP level 2. HP: 15/15 MP: 4/8
  1277 | D:2      | Reached XP level 3. HP: 19/19 MP: 8/10
  1316 | D:2      | Learned a level 2 spell: Searing Ray
  1320 | D:2      | Learned a level 3 spell: Dazzling Spray
  1457 | D:2      | Noticed an enchanted dagger
  1459 | D:2      | Noticed a dagger
  1460 | D:2      | Found a hide-covered altar of Uskayaw.
  1522 | D:2      | Reached skill level 5 in Conjurations
  2113 | D:2      | Reached XP level 4. HP: 24/24 MP: 7/12
  2536 | D:3      | Noticed Sigmund
  2814 | D:3      | Upgraded the game from 0.21-a0-521-g1cd18d1 to 0.21-a0-522-ga8338f0
  2969 | D:3      | Killed from afar by Sigmund

Vault maps used:
D:1:      dpeg_arrival_water_temple_mockup
D:2:      dancing_weapons_uskayaw, serial_corexii_hall,
          corexii_hall_statues_deadend, corexii_hall_statues_i,
          corexii_hall_statues_l, serial_bayou_pond_d
D:3:      first_bread, uniq_sigmund

Skill      XL: |  1  2  3  4 |
---------------+-------------+-----
Dodging        | 3 4 |  4.0
Spellcasting   | 4 |  4.5
Conjurations   | 5 |  5.3
Stealth        | |  2.4

Action                   |  1- 3 |  4- 6 || total
-------------------------+-------+-------++-------
Melee: Spear             |     4 |       ||     4
 Cast: Magic Dart        |    54 |    14 ||    68
       Searing Ray       |    13 |     2 ||    15
  Use: Scroll            |     2 |     2 ||     4
       Potion            |       |     1 ||     1
  Eat: Chunk             |     4 |     2 ||     6
Armor: Robe              |       |     1 ||     1
Dodge: Dodged            |     9 |     9 ||    18

Table legend:
 A = Spawn XP
 B = Non-spawn XP
 C = Spawn XP percentage of total XP
 D = Spawn monster count
 E = Non-spawn monster count
 F = Spawn count percentage of total count
 G = Total turns spent on level
                    A         B        C        D         E        F      G
               +---------+---------+-------+---------+---------+-------+---------
         Total |       0 |     166 |   0.0 |       0 |      47 |   0.0 |  2969
               +---------+---------+-------+---------+---------+-------+---------
           D:1 |       0 |      40 |   0.0 |       0 |      21 |   0.0 |  1244
           D:2 |       0 |      73 |   0.0 |       0 |      20 |   0.0 |  1228
           D:3 |       0 |      53 |   0.0 |       0 |       6 |   0.0 |   497
               +---------+---------+-------+---------+---------+-------+---------
